Map: Rainfall LE

Players

herO

  • Race: Protoss Protoss

HeroMarine - Winner!

  • Race: Terran Terran

VOD

Have the link to the VOD?

Description

Time

  • Played on: Sept. 26, 2026, 6:31 a.m.
  • Length: 25:19
Show
View Real Time Build Order
Export as new Build Order

herO Protoss 

Build Orders: Blink Stalkers 

Get SALT Encoding   

  8  0:02  Probe (Chrono Boost)  
  10  0:14  Probe (Chrono Boost)  
  10  0:19  Probe (Chrono Boost)  
  11  0:29  Probe  
  11  0:32  Pylon  
  12  0:41  Probe  
  13  0:53  Probe (Chrono Boost)  
  13  0:55  Gateway  
  14  1:05  Probe (Chrono Boost)  
  14  1:06  Assimilator  
  15  1:13  Probe (Chrono Boost)  
  16  1:19  Probe  
  17  1:31  Probe  
  18  1:42  Cybernetics Core  
  18  1:43  Probe  
  19  1:56  Nexus  
  19  2:03  Pylon  
  19  2:05  Probe  
  20  2:11  Assimilator  
  20  2:18  Adept (Chrono Boost), Warp Gate  
  22  2:25  Probe  
  23  2:37  Probe  
  23  2:44  Stalker  
  26  2:48  Shield Battery  
  26  2:49  Probe  
  27  2:56  Pylon  
  26  3:01  Probe  
  27  3:07  Twilight Council  
  27  3:09  Probe (Chrono Boost)  
  30  3:13  Sentry, Probe (Chrono Boost)  
  32  3:20  Probe (Chrono Boost)  
  32  3:22  Probe (Chrono Boost)  
  32  3:25  Probe (Chrono Boost)  
  34  3:27  Probe (Chrono Boost)  
  35  3:37  Probe  
  35  3:39  Probe  
  37  3:42  Blink (Chrono Boost)  
  37  3:48  Gateway  
  37  3:50  Probe  
  37  3:51  Probe  
  39  3:57  Pylon  
  39  4:03  Robotics Facility  
  39  4:05  Probe x2  
  41  4:14  Stalker  
  43  4:18  Probe x2  
  43  4:19  Pylon  
  45  4:26  Pylon  
  45  4:28  Stalker  
  47  4:32  Probe x2  
  47  4:38  Stalker  
  51  4:44  Probe x2  
  53  4:46  Assimilator  
  53  4:48  Stalker  
  53  4:51  Stalker  
  55  4:57  Probe x2  
  57  5:00  Pylon, Observer  
  58  5:12  Stalker, Probe x2  
  59  5:21  Observer  
  59  5:24  Nexus  
  59  5:26  Shield Battery  
  59  5:28  Probe  
  61  5:29  Probe  
  61  5:31  Pylon  
  61  5:34  Charge (Chrono Boost)  
  62  5:40  Probe  
  62  5:41  Probe  
  64  5:44  Gateway  
  68  5:52  Robotics Bay  
  68  5:53  Zealot  
  68  5:55  Gateway  
  68  5:56  Zealot  
  68  5:59  Probe x2  
  70  6:06  Pylon  
  70  6:10  Pylon  
  70  6:11  Probe x2  
  70  6:12  Zealot, Sentry  
  76  6:18  Gateway  
  76  6:24  Probe x2  
  77  6:35  Colossus (Chrono Boost)  
  77  6:37  Probe x2  
  84  6:42  Probe  
  84  6:44  Zealot  
  84  6:45  Zealot  
  89  6:47  Extended Thermal Lance (Chrono Boost)  
  89  6:48  Zealot  
  89  6:52  Probe  
  89  6:53  Probe  
  93  6:54  Probe  
  93  6:57  Forge  
  94  7:07  Probe x2, Assimilator  
  94  7:08  Probe  
  97  7:16  Zealot x2, Colossus (Chrono Boost)  
  97  7:18  Zealot  
  97  7:19  Zealot  
  111  7:25  Pylon  
  111  7:27  Protoss Ground Weapons Level 1 (Chrono Boost)  
  110  7:39  Pylon  
  110  7:42  Pylon, Shield Battery  
  110  7:43  Zealot x4  
  110  7:44  Observer, Pylon  
  112  7:53  Disruptor (Chrono Boost)  
  104  7:59  Probe, Zealot x2  
  104  8:00  Zealot, Robotics Facility  
  104  8:01  Zealot x2  
  115  8:13  Zealot x3  
  115  8:15  Zealot  
  115  8:19  Zealot  
  125  8:22  Disruptor (Chrono Boost)  
  125  8:26  Zealot  
  125  8:27  Sentry, Zealot  
  134  8:28  Zealot  
  126  8:37  Zealot  
  126  8:38  Zealot  
  126  8:40  Zealot x2  
  126  8:42  Zealot  
  112  8:48  Disruptor (Chrono Boost)  
  112  8:49  Dark Shrine  
  112  8:51  Zealot  
  112  8:52  Zealot  
  112  8:53  Zealot  
  112  8:54  Zealot  
  124  8:55  Zealot  
  126  9:03  Disruptor (Chrono Boost)  
  126  9:04  Stalker  
  126  9:05  Zealot  
  126  9:07  Zealot  
  136  9:14  Stalker x2  
  140  9:18  Nexus  
  140  9:22  Pylon  
  140  9:26  Stalker  
  142  9:35  Protoss Ground Armor Level 1 (Chrono Boost)  
  142  9:38  Pylon x2  
  142  9:40  Stalker, Zealot x2  
  148  9:46  Probe x3, Pylon  
  148  9:52  Shield Battery, Disruptor  
  147  9:59  Probe x3, Stalker x2  
  150  10:03  Zealot x2  
  144  10:08  Zealot  
  144  10:12  Probe x3  
  144  10:13  Zealot  
  147  10:15  Gateway  
  147  10:19  Dark Templar  
  149  10:22  Dark Templar  
  149  10:24  Zealot  
  145  10:30  Zealot x2  
  147  10:38  Disruptor  
  139  10:43  Zealot x4  
  139  10:46  Zealot  
  139  10:48  Assimilator  
  149  10:52  Probe x4  
  149  10:56  Stalker  
  155  11:00  Stalker  
  155  11:02  Stalker x2  
  161  11:07  Protoss Ground Weapons Level 2 (Chrono Boost)  
  161  11:09  Zealot x2  
  161  11:10  Zealot  
  165  11:13  Zealot, Gateway  
  165  11:16  Forge  
  167  11:18  Dark Templar  
  167  11:23  Zealot  
  167  11:24  Zealot x2  
  169  11:31  Disruptor (Chrono Boost)  
  165  11:35  Zealot x2  
  165  11:37  Zealot x3  
  163  11:41  Zealot  
  163  11:44  Disruptor (Chrono Boost)  
  155  11:48  Zealot  
  155  11:49  Zealot  
  155  11:50  Zealot  
  155  11:51  Zealot x2  
  163  11:58  Nexus  
  163  12:01  Disruptor (Chrono Boost)  
  163  12:03  Pylon  
  167  12:09  Probe  
  167  12:10  Probe x3  
  167  12:12  Assimilator  
  167  12:14  Stalker x2  
  167  12:15  Protoss Ground Armor Level 2 (Chrono Boost)  
  175  12:18  Stalker  
  175  12:19  Stalker  
  175  12:20  Pylon  
  175  12:21  Probe  
  180  12:23  Pylon, Zealot  
  180  12:28  Stalker, Zealot  
  184  12:34  Zealot x2  
  184  12:40  Disruptor (Chrono Boost)  
  188  12:52  Disruptor (Chrono Boost)  
  188  12:54  Pylon  
  192  12:59  Stalker, Zealot x2  
  192  13:01  Zealot, Gateway  
  192  13:02  Gateway  
  200  13:10  Zealot x2  
  200  13:12  Zealot  
  190  13:13  Zealot, Stalker  
  190  13:15  Stalker  
  192  13:24  Stalker x2, Protoss Ground Weapons Level 3 (Chrono Boost)  
  192  13:26  Stalker x2  
  200  13:30  Nexus  
  198  13:48  Disruptor  
  192  14:00  Zealot x2  
  192  14:05  Stargate  
  192  14:08  Assimilator  
  192  14:10  Assimilator  
  192  14:13  Photon Cannon  
  192  14:14  Photon Cannon, Shield Battery  
  192  14:15  Observer (Chrono Boost), Shield Battery  
  193  14:17  Pylon  
  193  14:23  Observer (Chrono Boost)  
  194  14:27  Stalker  
  194  14:29  Disruptor (Chrono Boost)  
  180  14:33  Stalker x2, Zealot  
  180  14:34  Zealot x5  
  200  14:39  Photon Cannon  
  200  14:40  Photon Cannon  
  194  14:49  Zealot x2  
  194  14:50  Zealot x4  
  188  14:53  Zealot  
  188  14:58  Disruptor (Chrono Boost)  
  194  15:03  Zealot, Disruptor (Chrono Boost)  
  200  15:07  Protoss Ground Armor Level 3  
  200  15:09  Fleet Beacon  
  178  15:33  Probe  
  179  15:43  Photon Cannon  
  179  15:45  Photon Cannon  
  179  15:49  Pylon  
  179  15:53  Nexus  
  175  16:01  Nexus  
  175  16:02  Mothership (Chrono Boost)  
  175  16:03  Pylon  
  183  16:06  Photon Cannon  
  183  16:07  Photon Cannon  
  183  16:10  Pylon  
  183  16:11  Shield Battery, Zealot x5  
  193  16:20  Gateway x2  
  193  16:22  Nexus  
  187  16:32  Disruptor x2 (Chrono Boost)  
  183  16:35  Zealot x5  
  183  16:36  Zealot x2  
  193  16:44  Zealot  
  175  16:51  Zealot  
  170  16:58  Zealot x3  
  170  16:59  Zealot x4  
  149  17:05  Disruptor x2 (Chrono Boost)  
  156  17:08  Zealot  
  158  17:20  Stalker  
  158  17:21  Zealot x7  
  169  17:28  Probe x4  
  167  17:30  Disruptor (Chrono Boost)  
  167  17:31  Disruptor (Chrono Boost)  
  141  17:46  Probe x3  
  141  17:50  Sentry, Zealot x9  
  158  17:53  Probe x2  
  160  17:58  Probe  
  148  18:10  Colossus x2 (Chrono Boost)  
  150  18:15  Zealot x7  
  157  18:22  Zealot x2  
  133  18:27  Observer  
  127  18:35  Sentry  
  129  18:44  Sentry, Stalker x4  
  129  18:46  Mothership (Chrono Boost)  
  147  18:58  Observer x2  
  147  19:00  Nexus  
  147  19:06  Stalker x2  
  147  19:16  Stalker x3  
  153  19:20  Zealot x3  
  159  19:28  Probe x4  
  163  19:44  Dark Templar  
  163  19:45  Dark Templar, Probe x3 (Chrono Boost), Zealot x6  
  181  19:56  Zealot x2  
  185  20:07  Shadow Stride  
  172  20:27  Stalker x7  
  182  20:28  Zealot x3  
  171  20:59  Stalker x5, Zealot x4  
  171  21:00  Zealot  
  175  21:14  Disruptor (Chrono Boost)  
  153  21:29  Stalker x2, Zealot  
  153  21:30  Zealot x7  
  147  21:57  Stalker x5, Zealot x5  
  147  22:00  Assimilator  
  165  22:01  Assimilator, Nexus  
  165  22:04  Nexus  
  151  22:21  Zealot x10  
  167  22:24  Pylon  
  167  22:25  Probe x5, Pylon  
  150  22:42  Colossus x2 (Chrono Boost)  
  152  22:49  Probe x4  
  152  22:50  Probe  
  161  22:53  Zealot x10  
  161  22:55  Assimilator  
  175  22:58  Assimilator  
  175  23:00  Probe (Chrono Boost)  
  179  23:07  Probe (Chrono Boost)  
  179  23:10  Probe x3 (Chrono Boost)  
  179  23:11  Probe x2 (Chrono Boost)  
  182  23:15  Probe (Chrono Boost)  
  182  23:18  Stalker x5  
  182  23:19  Stalker, Zealot x3  
  199  23:26  Probe  
  198  23:39  Probe  
  195  23:45  Stalker  
  195  23:46  Stalker  
  192  23:51  Zealot x7  
  183  24:08  Stalker x3  
  177  24:12  Colossus x2 (Chrono Boost)  
  128  24:31  Sentry, Stalker x6  
  128  24:32  Zealot x3  
  148  24:44  Probe  
  114  24:55  Zealot x10  
  114  24:56  Probe  
Show
View Real Time Build Order
Export as new Build Order

HeroMarine Terran - Winner!

Build Orders:  

Get SALT Encoding   

  8  0:00  SCV  
  9  0:12  SCV  
  10  0:24  SCV  
  10  0:28  Supply Depot  
  11  0:36  SCV  
  12  0:48  SCV  
  13  0:54  Barracks  
  13  1:01  SCV  
  14  1:05  Refinery  
  14  1:13  SCV  
  14  1:17  Refinery  
  15  1:25  SCV  
  16  1:40  Orbital Command  
  16  1:45  Reaper  
  17  2:04  Factory  
  17  2:06  SCV  
  18  2:12  Supply Depot  
  18  2:18  SCV  
  18  2:19  Reaper  
  20  2:30  SCV  
  21  2:40  Command Center  
  21  2:42  SCV  
  22  2:49  Hellion  
  24  2:54  SCV  
  25  3:02  Barracks Reactor  
  25  3:06  SCV  
  25  3:08  Starport  
  26  3:16  Factory Tech Lab  
  26  3:17  Supply Depot  
  26  3:19  SCV  
  27  3:31  SCV  
  28  3:39  Cyclone, Marine x2  
  33  3:43  SCV  
  34  3:52  Orbital Command  
  34  3:55  Medivac, SCV  
  36  3:57  Marine  
  36  3:59  Marine  
  39  4:08  SCV  
  40  4:10  Supply Depot  
  40  4:15  Marine  
  41  4:17  Marine  
  41  4:19  SCV, Factory Tech Lab  
  41  4:20  SCV  
  44  4:29  Barracks  
  45  4:31  SCV  
  45  4:32  SCV  
  45  4:35  Raven  
  45  4:37  Marine  
  45  4:38  Marine  
  49  4:42  Supply Depot  
  49  4:44  SCV x2  
  52  4:56  Supply Depot, SCV x2  
  52  4:58  Siege Tank  
  57  5:03  Marine x2  
  59  5:08  SCV x2  
  61  5:14  Refinery  
  61  5:19  Barracks  
  61  5:20  SCV  
  61  5:21  SCV  
  63  5:26  Supply Depot  
  63  5:30  Siege Tank  
  63  5:31  Marine x2  
  63  5:32  Marine  
  63  5:33  SCV x2  
  71  5:40  Engineering Bay  
  71  5:41  Stimpack  
  71  5:45  SCV x2  
  71  5:49  Refinery  
  71  5:50  Supply Depot  
  72  5:57  SCV x2  
  72  6:01  Command Center  
  72  6:02  Marine x2  
  75  6:06  Terran Infantry Weapons Level 1  
  75  6:09  Starport Reactor  
  75  6:10  SCV  
  77  6:11  SCV  
  77  6:15  Combat Shield  
  77  6:16  Factory Reactor  
  77  6:22  SCV  
  77  6:23  SCV, Supply Depot  
  77  6:24  Marauder  
  77  6:25  Marauder  
  83  6:34  SCV, Marine x2  
  83  6:35  SCV  
  86  6:46  Marauder x2, Barracks x2  
  90  6:48  Supply Depot  
  90  6:51  Medivac x2  
  90  6:52  SCV  
  90  6:54  SCV  
  96  7:02  Marine x2  
  96  7:08  Supply Depot  
  98  7:10  SCV, Marauder x2  
  98  7:11  Supply Depot  
  98  7:14  Orbital Command  
  103  7:16  SCV  
  103  7:21  Concussive Shells  
  104  7:25  Medivac x2  
  104  7:29  SCV x2  
  110  7:31  Marauder x2  
  110  7:37  Barracks Reactor, Barracks Tech Lab  
  114  7:41  SCV x2, Orbital Command  
  116  7:47  Supply Depot, Widow Mine x2  
  117  7:53  Marauder x2  
  117  7:55  SCV x2  
  120  8:02  Barracks Reactor, Marauder  
  120  8:03  Marine x2  
  120  8:05  Medivac x2  
  126  8:07  SCV x2  
  126  8:09  Terran Infantry Armor Level 1  
  126  8:12  SCV, Supply Depot  
  131  8:14  Marauder  
  131  8:17  Supply Depot  
  131  8:19  SCV x2  
  135  8:29  Marine x2  
  135  8:31  Marauder  
  135  8:32  Marauder  
  127  8:35  Marine, SCV x2  
  127  8:37  SCV  
  121  8:47  Marine, SCV x2  
  110  8:49  SCV  
  110  8:52  Marauder  
  110  8:53  Marauder x2  
  117  8:58  Refinery x2  
  117  8:59  Sensor Tower  
  117  9:00  Armory  
  117  9:03  Engineering Bay  
  117  9:05  SCV x2  
  117  9:06  Marine x4  
  117  9:07  Viking  
  117  9:08  Viking  
  128  9:12  Bunker  
  128  9:14  Marauder, Marine  
  128  9:15  Marauder  
  128  9:16  SCV, Starport  
  133  9:17  SCV x2  
  133  9:24  Marine x4  
  135  9:25  Widow Mine  
  135  9:26  Widow Mine  
  143  9:33  Marauder  
  143  9:37  Viking  
  143  9:38  Viking  
  149  9:41  Marauder  
  151  9:46  Command Center  
  151  9:47  SCV  
  151  9:55  Marine, SCV  
  151  9:59  Bunker  
  151  10:04  Marauder  
  151  10:12  Terran Infantry Weapons Level 2, Terran Infantry Armor Level 2  
  151  10:14  Marine x2, Viking x2  
  151  10:15  Marauder  
  151  10:19  Missile Turret  
  159  10:22  Supply Depot  
  159  10:27  Supply Depot x2, Marauder  
  158  10:28  Supply Depot  
  158  10:29  Marauder  
  158  10:30  Marine  
  158  10:31  Marine  
  158  10:34  Marine x2  
  156  10:36  Marauder  
  154  10:42  Viking x2  
  154  10:44  Terran Ship Weapons Level 1  
  154  10:46  SCV x3  
  154  10:48  Marauder  
  154  10:49  Marine  
  163  10:50  Marine, Factory Tech Lab, Marauder  
  163  10:52  Marine  
  168  10:57  Marauder  
  168  11:01  Sensor Tower  
  168  11:07  SCV  
  168  11:08  SCV x2  
  168  11:09  Marine  
  168  11:10  Marauder, Barracks  
  174  11:11  Barracks x2  
  174  11:14  Missile Turret  
  174  11:17  Marauder, Marine  
  174  11:18  Marine  
  177  11:19  Marauder  
  166  11:33  Marine x2, Marauder  
  166  11:35  Medivac x2, Marine  
  170  11:42  Marauder  
  170  11:44  Planetary Fortress  
  170  11:46  SCV x2  
  172  11:48  SCV  
  172  11:49  Marine  
  174  11:56  Siege Tank  
  174  11:58  Missile Turret  
  174  11:59  Ghost Academy  
  173  12:06  Barracks Tech Lab x3  
  173  12:07  Sensor Tower  
  176  12:11  Fusion Core  
  176  12:12  Marauder x2  
  176  12:13  Marine x2  
  176  12:15  Liberator x2  
  185  12:26  Marauder x4, Missile Turret  
  193  12:34  Marauder x2  
  195  12:38  Terran Infantry Armor Level 3, Terran Infantry Weapons Level 3  
  195  12:42  Terran Ship Weapons Level 2  
  193  12:51  Command Center  
  193  12:55  Ghost  
  193  12:56  Caduceus Reactor  
  193  12:58  Ghost  
  195  12:59  Missile Turret  
  195  13:00  Sensor Tower  
  194  13:08  Widow Mine  
  182  13:13  Marauder x3  
  182  13:19  Marauder  
  188  13:22  Refinery  
  188  13:23  Refinery  
  188  13:28  Command Center  
  188  13:30  Widow Mine  
  190  13:42  Ghost x3  
  190  13:48  Command Center  
  196  13:51  Ghost  
  196  13:52  Advanced Ballistics  
  196  13:54  Ghost  
  197  13:59  Ghost  
  194  14:08  Command Center  
  194  14:09  Command Center  
  192  14:12  Command Center  
  192  14:21  Liberator x3  
  198  14:26  Ghost  
  198  14:27  Marine x2  
  200  14:37  Command Center  
  200  14:40  Command Center  
  200  14:44  Marauder  
  190  14:47  Marauder x2  
  190  14:50  Medivac  
  190  14:52  Marauder x2  
  188  14:55  Marauder  
  188  14:59  Planetary Fortress  
  190  15:04  Medivac x2  
  190  15:06  Marauder  
  196  15:11  Sensor Tower  
  196  15:12  Sensor Tower, Marauder x2  
  196  15:14  Missile Turret  
  200  15:18  Marauder  
  200  15:20  Marauder  
  200  15:21  Marauder  
  197  15:24  Hi-Sec Auto Tracking, Marine x2  
  197  15:25  Marine  
  197  15:26  Marine  
  200  15:33  Missile Turret  
  200  15:37  Refinery  
  200  15:39  Orbital Command x2, Refinery  
  200  15:43  Orbital Command x2  
  200  15:54  Neosteel Armor  
  200  15:55  Terran Vehicle And Ship Armor Level 1  
  193  15:57  Personal Cloaking  
  193  16:00  Orbital Command  
  193  16:01  Orbital Command  
  193  16:11  Ghost x2  
  193  16:12  Marauder, Marine  
  193  16:14  Starport  
  200  16:28  Marauder  
  200  16:29  Marauder  
  200  16:31  Missile Turret  
  200  16:32  Missile Turret x2  
  183  16:35  Marauder x2  
  186  16:42  Marine  
  186  16:43  Marine, Marauder x2  
  185  16:53  Missile Turret  
  185  16:54  Missile Turret, Marauder  
  185  16:58  Marine x2, Marauder x2  
  180  17:01  Medivac x2  
  180  17:04  Marine x3, Starport Reactor  
  185  17:10  Missile Turret  
  185  17:15  Command Center  
  185  17:19  Command Center, Marauder x2  
  185  17:21  Marine x2  
  187  17:25  Ghost  
  187  17:29  Marauder x2  
  193  17:40  Ghost  
  193  17:41  Marine x2, Marauder x2  
  197  17:45  Viking  
  197  17:50  Terran Ship Weapons Level 3  
  199  17:55  Command Center  
  182  18:08  Ghost x2  
  182  18:11  Ghost x2  
  164  18:15  Liberator x3  
  164  18:18  Marine x2, Marauder x2  
  177  18:20  Marine x2  
  153  18:33  Orbital Command  
  150  18:35  Marine  
  150  18:36  Marine  
  150  18:37  Marine  
  150  18:38  Marauder, Marine  
  150  18:40  Ghost x2  
  160  18:41  Marauder  
  160  18:42  Marine x2  
  162  18:53  Missile Turret, Marine  
  162  18:54  Missile Turret  
  162  18:55  Marine  
  163  18:56  Marauder, Sensor Tower  
  163  18:59  Marauder  
  163  19:00  Marine x2  
  163  19:01  Marauder  
  163  19:02  Marine  
  177  19:10  Marauder x2, Orbital Command  
  177  19:14  Marine x2  
  181  19:17  Marauder  
  181  19:20  Marauder x2  
  181  19:22  Marauder  
  181  19:23  Viking x2  
  181  19:24  Viking x2  
  195  19:28  Viking  
  195  19:31  Marauder x2  
  196  19:32  Marine x4  
  196  19:33  Refinery  
  196  19:34  Refinery  
  196  19:35  Missile Turret  
  200  19:39  Planetary Fortress  
  200  19:51  Command Center  
  200  19:54  Command Center  
  200  20:02  Command Center  
  194  20:14  Viking x2  
  194  20:15  Viking  
  200  20:25  SCV x3  
  200  20:26  Terran Vehicle And Ship Armor Level 2  
  200  20:35  Marauder x2  
  186  20:36  Marauder x2  
  186  20:38  Viking x2  
  186  20:40  Viking  
  190  20:44  Viking  
  190  20:48  Marauder  
  189  20:50  Marauder  
  189  20:56  Marauder x2  
  190  20:58  Marauder x2  
  190  21:03  Viking x2  
  198  21:05  Orbital Command  
  198  21:08  Viking  
  198  21:09  Marine, Marauder  
  186  21:11  Marauder  
  186  21:18  Marauder x2  
  182  21:19  Marauder  
  182  21:20  Marauder  
  182  21:25  Marine x2  
  152  21:27  Marine x2  
  152  21:30  Marauder  
  152  21:33  Marauder  
  152  21:36  Liberator  
  152  21:38  Ghost  
  152  21:39  Marauder  
  160  21:40  Marauder  
  160  21:42  Liberator  
  160  21:43  Liberator  
  162  21:47  Marauder  
  162  21:52  Marauder  
  164  21:54  Marauder  
  164  21:55  Marine x2  
  164  21:56  Marine x2  
  164  22:00  Liberator, Marauder  
  175  22:02  Marauder, Liberator  
  175  22:05  Liberator  
  175  22:07  Marine, Ghost  
  171  22:12  Ghost  
  171  22:13  Marine  
  171  22:15  Ghost  
  164  22:19  Liberator, Marine x3  
  164  22:21  Ghost  
  166  22:23  Marine  
  166  22:25  Marine  
  166  22:26  Barracks  
  166  22:27  Barracks, Liberator  
  171  22:31  Marine  
  171  22:36  Marine  
  157  22:37  Marine  
  157  22:39  Marine, Orbital Command  
  157  22:41  Marine, Marauder  
  157  22:42  Marauder  
  157  22:43  Marauder  
  159  22:44  Marauder  
  159  22:49  Marine  
  159  22:50  Marauder  
  164  22:54  Marauder  
  164  22:58  Liberator  
  163  23:00  Marine x3  
  163  23:02  Ghost, Marauder  
  163  23:04  Ghost  
  174  23:06  Marauder  
  174  23:07  Marine  
  174  23:12  Marauder  
  177  23:15  Ghost  
  177  23:16  Marine  
  177  23:17  Marine  
  177  23:18  Marine, Liberator  
  184  23:20  Marine x2  
  184  23:24  Marauder  
  184  23:25  Marine  
  189  23:27  Marauder  
  189  23:32  Marauder  
  189  23:33  Marine, Marauder  
  192  23:34  Medivac x2, Marine x2  
  192  23:35  Marine  
  192  23:38  Marine  
  200  23:54  Viking  
  199  23:58  Viking x2  
  196  24:05  Marauder x3  
  196  24:08  Viking  
  196  24:09  Viking x2  
  194  24:10  Marauder  
  194  24:14  Marauder, Barracks Tech Lab, Marine x2  
  198  24:17  Marauder  
  178  24:24  Viking  
  178  24:25  Marine  
  178  24:26  Marine, Marauder x3  
  178  24:30  Medivac  
  173  24:32  Marauder  
  173  24:37  Marauder x2  
  179  24:40  Marine  
  179  24:41  Marine, Marauder  
  179  24:42  Marine  
  179  24:43  Marine x2  
  186  24:47  Marauder  
  186  24:50  Marauder  
  186  24:51  Marauder  
  176  24:55  Marauder  
  176  24:58  Marine x3  
  169  25:00  Marine  
Tags
 
Add a new tag
Caveats
  • Supply blocks, unpowered buildings, or Contaminate may cause inaccurate times.
  • Supply counts are checked every 10 seconds.